 Dungeon Crawl Stone Soup version 0.24.0-2-g5b39cebb1c (webtiles) character file.

Game seed: 14822059647608790600, levelgen mode: deterministic

231 Aviak the Skirmisher (level 6, 0/56 HPs)
             Began as a Hill Orc Wanderer on Oct 31, 2019.
             Was a Follower of Trog.
             Slain by Dowan
             ... wielding a +0 dagger
              (1 damage)
             ... on level 4 of the Dungeon.
             The game lasted 00:05:14 (3524 turns).

Aviak the Skirmisher (Hill Orc Wanderer)            Turns: 3524, Time: 00:05:15

Health: 0/56       AC:  9    Str: 16    XL:     6   Next: 3%
Magic:  6/6        EV:  4    Int: 11    God:    Trog [*.....]
Gold:   144        SH:  9    Dex: 12    Spells: 5/5 levels left

rFire    . . .     SeeInvis .   h - +0 hand axe
rCold    . . .     Gourm    .   b - +0 shield
rNeg     . . .     Faith    .   r - +0 chain mail
rPois    .         Spirit   .   (no helmet)
rElec    .         Reflect  .   j - +0 cloak (curse)
rCorr    .         Harm     .   (no gloves)
MR       .....                  (no boots)
Stlth    ..........             (no amulet)
HPRegen  0.18/turn              (no ring)
MPRegen  0.10/turn              (no ring)

@: lethally poisoned (0 -> -3), berserk cooldown
A: no striking features
a: Berserk, Renounce Religion


You were on level 4 of the Dungeon.
You worshipped Trog.
Trog was aware of your devotion.
You were near starving.

You visited 1 branch of the dungeon, and saw 4 of its levels.

You collected 144 gold pieces.

Inventory:

Hand Weapons
 a - a +0 hand crossbow
 h - a +0 hand axe (weapon)
Missiles
 c - 10 bolts
Armour
 b - a +0 shield (worn)
 e - a +0 robe
 j - a cursed +0 cloak (worn)
 r - a +0 chain mail (worn)
Scrolls
 g - a scroll of magic mapping {unknown}
 i - 2 scrolls of remove curse {unknown}
 k - a scroll of identify {unknown}
 o - a scroll of amnesia {unknown}
 q - a scroll of fog {unknown}
 s - 3 scrolls of teleportation {unknown}
 t - a scroll of fear {unknown}
 u - a scroll of enchant armour {unknown}
 v - a scroll of blinking {unknown}
Potions
 d - 2 potions of flight
Comestibles
 f - 7 rations


   Skills:
 + Level 5.3 Fighting
 + Level 3.4 Axes
 + Level 1.8 Armour
 + Level 4.1 Shields
   Level 1.0 Ice Magic
   Level 4.0 Earth Magic


You had 5 spell levels left.
You didn't know any spells.
Your spell library contained the following spells:

 Spells                   Type           Power        Failure   Level  Hunger
 Ensorcelled Hibernation  Hex/Ice        #.....       100%        2    ###....
 Throw Frost              Conj/Ice       #.....       100%        2    ###....


Dungeon Overview and Level Annotations

Branches:
Dungeon (4/15)
 Temple: D:4-7

Altars:
Trog

Annotations:
D:3 1 runed translucent door, skk's ghost, amateur DDFi
D:4 Dowan


Message History

You feel magically purged.
You feel yourself speed up.
You feel yourself slow down.
You feel a little less agile now.
* * * LOW HITPOINT WARNING * * *
You feel sick.
* * * LOW HITPOINT WARNING * * *
You feel sick.
Dowan says, "How can I live without her?"
You hit Dowan.
Dowan is moderately wounded.
Dowan is no longer moving quickly.
You block Dowan's attack. x2
Unknown command.
You miss Dowan.
Dowan is moderately wounded.
* * * LOW HITPOINT WARNING * * *
You feel sick. You block Dowan's attack.
You closely miss Dowan.
Dowan is moderately wounded.
Dowan hits you with a +0 dagger.
You die...

###############
######..........@e.#
.........#########.#
######.#.#....# #.#
#.#.#.##.# #.#
#.#.#.##.# #.#
#.#.#.##.# #)#
#.#.#.##.# #.#
######.#.#<##.# #.#
.......#.####.# #.#


You could see Dowan.

Vanquished Creatures
  Duvessa (D:4)
  A crimson imp (D:3)
  2 adders (D:2)
  2 oozes
  A dart slug (D:2)
  3 leopard geckos
  A ball python (D:2)
  5 giant cockroaches
  8 goblins
  11 hobgoblins
  4 jackals (D:3)
  A quokka (D:2)
  6 bats
  5 frilled lizards
  5 kobolds
  8 rats
64 creatures vanquished.

Notes
Turn   | Place    | Note
-------+----------+-------------------------------------------
     0 | D:1      | Aviak the Hill Orc Wanderer began the quest for the Orb.
     0 | D:1      | Aviak set off with the following items: a +0 hand crossbow,
                  | a +0 shield, 25 bolts, a +0 robe, a ration; and the
                  | following spells available to memorise: Ensorcelled
                  | Hibernation, Throw Frost
     0 | D:1      | Reached XP level 1. HP: 19/19 MP: 1/1
    75 | D:1      | Reached skill level 4 in Fighting
    75 | D:1      | Reached XP level 2. HP: 27/27 MP: 2/2
   758 | D:1      | Reached skill level 1 in Axes
   758 | D:1      | Reached XP level 3. HP: 33/33 MP: 3/3
  1701 | D:2      | Reached XP level 4. HP: 41/41 MP: 4/4
  2069 | D:2      | Found a faded altar of an unknown god.
  2326 | D:2      | Became a worshipper of Trog the Wrathful
  2326 | D:2      | Reached * piety under Trog
  2646 | D:3      | Found a runed translucent door.
  3066 | D:3      | Reached skill level 5 in Fighting
  3066 | D:3      | Reached XP level 5. HP: 48/48 MP: 5/5
  3421 | D:3      | Noticed skk's ghost (amateur DDFi)
  3487 | D:4      | Noticed Dowan
  3488 | D:4      | Noticed Duvessa
  3500 | D:4      | Killed Duvessa
  3500 | D:4      | Reached skill level 1 in Armour
  3500 | D:4      | Reached XP level 6. HP: 56/56 MP: 6/6
  3519 | D:4      | HP: 2/56 [poisoned by Duvessa]
  3524 | D:4      | Slain by Dowan

Levels and vault maps discovered:
D:1:      co_arrival_square_in_a_square_in_a_square, layout_basic
D:2:      layout_basic, chequers_ecumenical_altar_lobes, serial_park_tiny_pond,
          minmay_crystal_water
D:3:      layout_basic, ebering_ghost_reflecting_pool, serial_bayou_pond_d,
          serial_bayou_pond_a, nrook_mini_vaults
D:4:      layout_basic, kiku_gazebo_garden_becter, first_ration, serial_shops,
          shop, uniq_duvessa

Skill      XL: |  1  2  3  4  5 |
---------------+----------------+-----
Fighting       | 4 5 |  5.3
Axes           | 1 2 3 |  3.4
Shields        | 3 4 |  4.1
Armour         | 1 |  1.8
Ice Magic      | |  1.0
Earth Magic    | |  4.0

Action                   |  1- 3 |  4- 6 || total
-------------------------+-------+-------++-------
Melee: Hand axe          |       |   217 ||   217
 Fire: Hand crossbow     |   106 |    11 ||   117
Invok: Berserk           |       |     4 ||     4
  Use: Potion            |       |     7 ||     7
 Stab: Sleeping          |       |     1 ||     1
  Eat: Chunk             |     2 |     5 ||     7
       Ration            |       |     1 ||     1
Armor: Robe              |     8 |    12 ||    20
       Chain mail        |       |   111 ||   111
Dodge: Dodged            |    11 |    41 ||    52
Block: Shield            |    16 |    99 ||   115
